 Dungeon Crawl Stone Soup version 0.28-a0-479-g5baa6b73be (webtiles) character file.

Game seed: 12158318652542990440

18969 Rennog the Thaumaturge (level 12, -2/82 HPs)
             Began as an Octopode Fire Elementalist on Sept 17, 2021.
             Was a High Priest of Cheibriados.
             Slain by a gnoll shaman (8 damage)
             ... in a bailey.
             The game lasted 00:37:45 (18843 turns).

Rennog the Thaumaturge (OpFE)                      Turns: 18843, Time: 00:37:45

Health: -2/82      AC:  1    Str: 19    XL:     12   Next: 64%
Magic:  1/27       EV: 13    Int: 31    God:    Cheibriados [*****.]
Gold:   633        SH:  0    Dex: 25    Spells: 17/34 levels left

rFire   . . .      SeeInvis .   n - +1 falchion (protect)
rCold   . . .      Faith    .   (no shield)
rNeg    . . .      Spirit   .   (helmet restricted)
rPois   .          Reflect  .   (no amulet)
rElec   .          Harm     .   x - ring of resist corrosion
rCorr   +          Rampage  .   y - ring of willpower
Will    +....                   B - +4 ring of evasion
Stlth   ++++......              (no ring)
HPRegen 0.23/turn               (no ring)
MPRegen 0.20/turn               (no ring)
                                (no ring)
                                (no ring)

@: held, very slow
A: almost no armour, amphibious, 8 rings, camouflage 1, gelatinous body 1,
(nimble swimmer 1), tentacles
a: Renounce Religion, Bend Time, Temporal Distortion, Slouch, Step From Time


You were in a bailey.
You worshipped Cheibriados.
Cheibriados was extremely pleased with you.
You visited 3 branches of the dungeon, and saw 14 of its levels.
You also visited: Sewer and Bailey.

You collected 633 gold pieces.

Inventory:

Hand Weapons
 n - a +1 falchion of protection (weapon)
Missiles
 I - 7 throwing nets
Jewellery
 x - a ring of resist corrosion (left tentacle)
 y - a ring of willpower (right tentacle)
 A - a ring of fire
 B - a +4 ring of evasion (on tentacle)
Wands
 d - a wand of iceblast (8)
 p - a wand of paralysis (8)
 v - a wand of digging (11)
Scrolls
 e - a scroll of holy word
 h - a scroll of torment {unknown}
 i - a scroll of blinking {unknown}
 j - 2 scrolls of vulnerability
 l - 2 scrolls of magic mapping
 m - 2 scrolls of fear {unknown}
 o - a scroll of summoning {unknown}
 s - 2 scrolls of enchant armour {unknown}
 u - 6 scrolls of teleportation
 z - 5 scrolls of identify
 C - a scroll of enchant weapon {unknown}
 D - a scroll of amnesia {unknown}
 E - a scroll of immolation {unknown}
 F - a scroll of noise {unknown}
 G - a scroll of acquirement {unknown}
 H - a scroll of fog {unknown}
Potions
 a - 4 potions of attraction
 b - 4 potions of curing
 c - 3 potions of brilliance
 f - 2 potions of invisibility {unknown}
 g - a potion of resistance {unknown}
 k - 6 potions of lignification {unknown}
 q - 3 potions of heal wounds
 r - 2 potions of flight
 t - a potion of ambrosia {unknown}
 w - 2 potions of might {unknown}


   Skills:
 - Level 8.0 Fighting
 + Level 5.0 Dodging
 - Level 2.6 Stealth
 * Level 11.9 Spellcasting
 + Level 9.3 Conjurations
 - Level 9.4 Fire Magic
 + Level 2.5 Invocations


You had 17 spell levels left.
You knew the following spells:

 Your Spells              Type           Power      Damage    Failure   Level
a - Foxfire               Conj/Fire      100%       2x1d9     1%          1
b - Scorch                Fire           100%       2d10      1%          2
c - Flame Wave            Conj/Fire      67%        3d12      1%          4
d - Sticky Flame          Conj/Fire      67%        2d8       1%          4
e - Passwall              Tmut/Erth      15%        N/A       4%          2
f - Hailstorm             Conj/Ice       47%        3d11      3%          4

Your spell library contained the following spells:

 Spells                   Type           Power      Damage    Failure   Level
 Conjure Flame            Conj/Fire      67%        6-21      1%          3
 Inner Flame              Hex/Fire       47%        N/A       1%          3
 Freeze                   Ice            72%        1d9       2%          1
 Ignite Poison            Fire/Tmut/Pois 38%        N/A       2%          3
 Fulminant Prism          Conj/Hex       23%        3d13      3%          4
 Iskenderun's Mystic Bla  Conj/Tloc      47%        2d10      3%          4
 Call Canine Familiar     Summ           18%        N/A       9%          3
 Frozen Ramparts          Ice            36%        1d5       9%          3
 Portal Projectile        Hex/Tloc       36%        N/A       9%          3
 Summon Guardian Golem    Hex/Summ       18%        N/A       9%          3
 Swiftness                Air            18%        N/A       9%          3
 Leda's Liquefaction      Hex/Erth       9%         N/A       26%         4
 Orb of Destruction       Conj           33%        9d12      43%         7
 Lee's Rapid Deconstruct  Erth           9%         3d8*      58%         5
 Spellforged Servitor     Conj/Summ      23%        N/A       97%         7
 Invisibility             Hex            9%         N/A       99%         6


Dungeon Overview and Level Annotations

Branches:
Dungeon (12/15)            Temple (1/1) D:7            Lair (1/6) D:10
    Orc (0/2) D:10          Sewer (visited)          Bailey (1/1)

Altars:
Ashenzari
Cheibriados
Dithmenos
Elyvilon
Fedhas
Gozag
Hepliaklqana
Kikubaaqudgha
Makhleb
Nemelex Xobeh
Okawaru
Qazlal
Ru
Sif Muna
Trog
Uskayaw
Vehumet
Wu Jian
Xom
Yredelemnul
Zin
The Shining One

Shops:
D:5 *   D:6 *(


Innate Abilities, Weirdness & Mutations

You cannot wear most types of armour.
You are amphibious.
You can wear up to eight rings at the same time.
Your skin changes colour to match your surroundings (Stealth+).
Your rubbery body absorbs attacks. (AC +1, EV +1)
((You are camouflaged near water. (Stealth+)))
You have tentacles for arms and can constrict up to eight enemies at once.


Message History

The gnoll sergeant hits you from afar with a +0 halberd!
Unknown command.
Casting: Foxfire (safe; 1% risk of failure)
Confirm with . or Enter, or press ? or * to list all spells.
Flames lash the gnoll sergeant.
The gnoll sergeant is heavily wounded.
The gnoll sergeant's fire resistance burns away.
The foxfire hits the gnoll sergeant.
The gnoll sergeant is burned terribly!
The gnoll sergeant is severely wounded.
The foxfire hits the gnoll sergeant but does no damage.
The gnoll sergeant is severely wounded.
A gnoll shaman comes into view. It is wielding a +0 spear.
The gnoll sergeant hits you from afar with a +0 halberd!
Casting: Scorch (safe; 1% risk of failure)
Confirm with . or Enter, or press ? or * to list all spells.
Flames lash the gnoll shaman.
You kill the gnoll shaman!
Cheibriados thoroughly appreciates the change of pace.
You hear a shout!
The gnoll sergeant hits you from afar with a +0 halberd.
A gnoll sergeant comes into view. It is wielding a +0 glaive.
Casting: Scorch (safe; 1% risk of failure)
Confirm with . or Enter, or press ? or * to list all spells.
Flames lash the gnoll shaman.
The gnoll shaman is heavily wounded.
The gnoll shaman's fire resistance burns away.
The gnoll sergeant closely misses you.
Casting: Scorch (safe; 1% risk of failure)
Confirm with . or Enter, or press ? or * to list all spells.
Flames lash the gnoll sergeant.
The gnoll sergeant is burned terribly!
You kill the gnoll sergeant!
Cheibriados appreciates the change of pace.
The gnoll shaman hits you from afar with a +0 spear!
Unknown command.
You struggle against the net.
The gnoll shaman misses you.
You struggle against the net.
The gnoll sergeant hits you from afar with a +0 glaive!!
* * * LOW HITPOINT WARNING * * *
The gnoll shaman hits you from afar with a +0 spear!
You die...

♣≈# ##...## ♣≈#..
##.....## . ♣≈#..
#.......# .
♣≈#...#...8...#'###
♣≈#...#.......#...#
♣≈#...##..)..##)..#
♣≈#....##...##gg..#
♣≈#8....##'##....8#
♣≈#....)#.)§#@....#
♣≈##....))..'....##
♣≈.##...#...#...##
♣≈.)#####...#####
♣≈.....)))........
♣≈≈....)).........
♣♣≈≈≈≈≈≈≈≈≈≈≈≈≈≈≈≈
♣♣♣.......♣♣♣♣♣♣♣
#########


You could see a gnoll sergeant and a gnoll shaman (combustible).

Vanquished Creatures
  Snorg (D:10)
  Josephine (D:10)
  An ogre mage (D:11)
  5 two-headed ogres
  Pikel (D:7)
  Maggie (D:8)
  2 kobold demonologists (D:10)
  An efreet (D:11)
  A troll (D:11)
  Prince Ribbit (D:6)
  Grinder (D:6)
  2 shadows
  4 wraiths
  21 yaks
  A wyvern (D:10)
  Grum (D:8)
  5 vampire mosquitoes
  3 steam dragons
  3 acid dragons
  3 water moccasins
  Duvessa (D:6)
  3 orc warriors
  3 black bears
  2 ice beasts (D:6)
  3 sky beasts
  A necrophage (D:6)
  4 wolves (D:8)
  2 ogres
  3 centaurs
  2 lemures (D:7)
  Blork the orc (D:6)
  4 kobold brigands
  A wyvern zombie (D:6)
  2 bullfrogs (D:7)
  7 gnoll sergeants (Bailey)
  Dowan (D:6)
  A water moccasin zombie (D:6)
  A howler monkey (D:3)
  13 wights
  A lava snake (D:10)
  3 bullfrog zombies
  3 hounds
  6 centaur zombies
  3 jellies
  A centaur skeleton (D:6)
  2 orc priests
  7 gnoll shamans
  3 iguanas
  9 orc wizards
  A hound skeleton (D:4)
  2 howler monkey zombies
  5 adders
  17 gnolls
  A howler monkey skeleton (D:6)
  2 river rats (Sewer)
  2 ufetubi (D:6)
  3 worms
  2 dart slugs (D:3)
  39 orcs
  5 endoplasms
  2 giant cockroaches (D:5)
  9 goblins
  6 hobgoblins
  4 jackals
  20 kobolds
  4 quokkas
  9 ball pythons
  A bat (D:3)
  3 frilled lizards
  9 rats
298 creatures vanquished.

Vanquished Creatures (collateral kills)
  8 foxfires
8 creatures vanquished.

Vanquished Creatures (others)
  953 foxfires
  A fungus (D:1)
  A plant (D:10)
955 creatures vanquished.

Grand Total: 1261 creatures vanquished

Notes
Turn   | Place    | Note
-------+----------+-------------------------------------------
     0 | D:1      | Rennog the Octopode Fire Elementalist began the quest for
                  | the Orb.
     0 | D:1      | Reached XP level 1. HP: 11/11 MP: 3/3
   601 | D:1      | Reached XP level 2. HP: 17/17 MP: 3/5
   778 | D:1      | Found a faded altar of an unknown god.
  1299 | D:1      | Reached XP level 3. HP: 15/21 MP: 4/6
  1420 | D:2      | Learned a level 2 spell: Scorch
  2427 | D:3      | Reached XP level 4. HP: 27/27 MP: 1/8
  2599 | D:3      | Reached skill level 3 in Spellcasting
  3237 | D:3      | Reached XP level 5. HP: 27/31 MP: 6/9
  4486 | D:3      | Reached skill level 1 in Fighting
  4486 | D:3      | Reached XP level 6. HP: 10/38 MP: 3/11
  4891 | D:4      | Identified the +10 dagger of the Hidden Portals {holy,
                  | rPois Int+2}
  5099 | D:4      | Noticed a black bear
  5435 | D:4      | Reached skill level 4 in Spellcasting
  5683 | D:4      | Killed a black bear
  5769 | D:4      | Noticed a sky beast
  5814 | D:5      | Entered Level 5 of the Dungeon
  5814 | D:5      | Found Cearapp's General Store.
  5822 | D:5      | Reached XP level 7. HP: 33/45 MP: 1/13
  5959 | D:5      | Found a glowing drain.
  5969 | Sewer    | Entered a sewer
  6241 | Sewer    | Found a white marble altar of Elyvilon.
  6527 | D:5      | Found an ancient bone altar of Kikubaaqudgha.
  6936 | D:6      | Found a blossoming altar of Fedhas.
  6973 | D:6      | Found a basalt altar of Yredelemnul.
  6996 | D:6      | Reached skill level 5 in Spellcasting
  7103 | D:6      | Found Unurph's Antique Weapon Boutique.
  7167 | D:6      | Found Gygolisu's Goods Gallery.
  7299 | D:6      | Noticed Grinder
  7325 | D:6      | Noticed Blork the orc
  7559 | D:4      | Reached XP level 8. HP: 52/52 MP: 6/16
  7897 | D:6      | Reached skill level 5 in Fire Magic
  8166 | D:6      | Reached skill level 6 in Spellcasting
  8486 | D:6      | Killed Blork the orc
  8610 | D:6      | Killed Grinder
  8611 | D:6      | Reached skill level 5 in Conjurations
  8611 | D:6      | Reached XP level 9. HP: 58/58 MP: 12/19
  8756 | D:6      | Reached skill level 7 in Spellcasting
  8909 | D:6      | Noticed Prince Ribbit
  8909 | D:6      | Noticed Dowan
  8912 | D:6      | Noticed Duvessa
  8965 | D:6      | Killed Duvessa
  8977 | D:6      | Killed Dowan
  9221 | D:6      | Killed Prince Ribbit
  9284 | D:6      | Found an iron altar of Okawaru.
  9284 | D:6      | Found a sparkling altar of Nemelex Xobeh.
  9842 | D:7      | Learned a level 4 spell: Flame Wave
  9847 | D:7      | Learned a level 4 spell: Sticky Flame
 10141 | D:7      | Reached skill level 5 in Fighting
 10704 | D:7      | Found a staircase to the Ecumenical Temple.
 10711 | Temple   | Entered the Ecumenical Temple
 10886 | Temple   | Became a worshipper of Cheibriados the Contemplative
 11047 | D:7      | Noticed Pikel
 11058 | D:7      | Killed Pikel
 11059 | D:7      | Reached skill level 8 in Spellcasting
 11059 | D:7      | Reached XP level 10. HP: 60/66 MP: 3/22
 12134 | D:8      | Reached * piety under Cheibriados
 12135 | D:8      | Noticed Maggie
 12481 | D:8      | Reached skill level 9 in Spellcasting
 12785 | D:8      | Noticed Grum
 12794 | D:8      | Killed Grum
 13131 | D:8      | Killed Maggie
 13436 | D:8      | Learned a level 2 spell: Passwall
 13944 | D:9      | Reached XP level 11. HP: 53/74 MP: 13/24
 14079 | D:9      | Reached skill level 10 in Spellcasting
 14087 | D:9      | Reached ** piety under Cheibriados
 14906 | D:10     | Entered Level 10 of the Dungeon
 14915 | D:9      | Learned a level 4 spell: Hailstorm
 14973 | D:10     | Noticed Snorg
 14980 | D:10     | Killed Snorg
 15260 | D:10     | Found a shadowy altar of Dithmenos.
 15264 | D:10     | Noticed Josephine
 15290 | D:10     | Killed Josephine
 15335 | D:10     | Reached *** piety under Cheibriados
 15740 | D:10     | Found a staircase to the Lair.
 15777 | Lair:1   | Entered Level 1 of the Lair of Beasts
 16017 | D:10     | Reached skill level 11 in Spellcasting
 16139 | D:10     | Found a staircase to the Orcish Mines.
 16384 | D:11     | Reached XP level 12. HP: 82/82 MP: 22/27
 16384 | D:11     | Noticed a two-headed ogre
 16385 | D:11     | Noticed a two-headed ogre
 16386 | D:11     | Noticed a two-headed ogre
 16395 | D:10     | Killed a two-headed ogre
 16902 | D:11     | Noticed a two-headed ogre
 16909 | D:11     | Killed a two-headed ogre
 17136 | D:11     | Noticed a two-headed ogre
 17141 | D:11     | Killed a two-headed ogre
 17141 | D:11     | Reached **** piety under Cheibriados
 17427 | D:11     | Noticed an ogre mage
 17432 | D:11     | Killed a two-headed ogre
 17437 | D:11     | Killed an ogre mage
 17438 | D:11     | Reached skill level 1 in Invocations
 17440 | D:11     | Killed a two-headed ogre
 17813 | D:12     | Noticed a tengu warrior
 17821 | D:12     | Found a flagged portal.
 17834 | Bailey   | Entered a bailey
 18625 | Bailey   | Reached ***** piety under Cheibriados
 18834 | Bailey   | Reached skill level 5 in Dodging
 18843 | Bailey   | Slain by a gnoll shaman

Illustrated notes

Levels and vault maps discovered:
D:1:      wander_arrival_fairy_ring, layout_loops_cross,
          hellmonk_ecumenical_altar_crossroads, serial_bayou_lagoon_a
D:2:      minmay_angry_zag, layout_loops_cross, minivault_26
D:3:      layout_loops_cross
D:4:      layout_gridville, grunt_ministairs_3, dk_noncrumbling_4
D:5:      layout_basic, mainiacjoe_overflow_brackets, portal_sewer_entry_b,
          serial_shops, nicolae_stop_n_shop_2
D:6:      layout_layer_cave, chequers_temple_overflow_statue_of_worship,
          gammafunk_temple_overflow_wave, serial_shops, shop,
          kb_lookout_dungeons_type, nicolae_alphabet_shops,
          eino_small_chamber_without_monster, minmay_bent, uniq_prince_ribbit1,
          uniq_grinder, uniq_blork_the_orc, uniq_duvessa
D:7:      layout_basic, minmay_temple_entry_enclosed_plants, uniq_pikel
D:8:      layout_basic, uniq_grum, uniq_maggie
D:9:      layout_basic
D:10:     layout_big_octagon, overflow_temple_1_default, david_lair_generic,
          orc_0_dummy, minmay_misc_feat_rugged, uniq_josephine, uniq_snorg
D:11:     layout_irregular_city
D:12:     minmay_box_of_curves, layout_rooms, enter_bailey_2,
          ebering_ghost_inner_flame
Temple:   eino_temple_rhombus
Lair:1:   layout_cave_pods, serial_bayou_pond_e, grunt_megastairs_5,
          lemuel_fruit_tree, lemuel_fruit_fields
Bailey:   bailey_polearm_gnolls_kennysheep, bailey

Skill      XL: |  1  2  3  4  5  6  7  8  9 10 11 12 |
---------------+-------------------------------------+-----
Spellcasting   | 3 4 5 6 8 9 11 | 11.9
Conjurations   | 2 3 5 6 7 8 9 |  9.3
Fighting       | 1 2 3 4 5 6 8 |  8.0
Fire Magic     | 4 5 6 7 9 |  9.4
Dodging        | 3 5 |  5.0
Invocations    | 2 |  2.5
Stealth        | |  2.6

Action                   |  1- 3 |  4- 6 |  7- 9 | 10-12 || total
-------------------------+-------+-------+-------+-------++-------
Melee: Unarmed           |    46 |     9 |       |       ||    55
       Constrict         |    13 |     3 |     7 |     3 ||    26
       Tentacles         |     8 |     3 |     4 |     6 ||    21
       Falchion          |       |    12 |    20 |    13 ||    45
 Cast: Foxfire           |    54 |   106 |   171 |   230 ||   561
       Scorch            |       |    29 |    44 |    82 ||   155
       Flame Wave        |       |       |     7 |    41 ||    48
       Sticky Flame      |       |       |       |     7 ||     7
       Hailstorm         |       |       |       |    15 ||    15
Evoke: Wand              |       |       |       |    11 ||    11
  Use: Potion            |       |       |     3 |     2 ||     5
       Scroll            |       |       |     6 |     1 ||     7
 Stab: Sleeping          |     6 |     2 |       |       ||     8
       Paralysed         |       |       |       |     1 ||     1
Armor: Skin              |     2 |     9 |     7 |     5 ||    23
Dodge: Dodged            |    34 |    32 |    49 |   143 ||   258

Table legend: (Time is in decaauts)
 A = Elapsed time spent in this place.
 B = Non-inter-level travel time spent in this place.
 C = Inter-level travel time spent in this place.
 D = Time resting spent in this place.
 E = Time spent auto-exploring this place.
 F = Levels seen in this place.
 G = Mean time per level.
                   A        B        C        D        E       F      G
               +--------+--------+--------+--------+--------+-----+--------+
         Total |  20324 |  19335 |    989 |   1859 |  15158 |  16 | 1270.2 |
       Dungeon |  18718 |  17753 |    965 |   1251 |  14481 |  12 | 1559.8 |
        Temple |    183 |    159 |     24 |      0 |    144 |   1 |  183.0 |
          Lair |      9 |      9 |      0 |      4 |      0 |   1 |    9.0 |
         Sewer |    313 |    313 |      0 |      0 |    223 |   1 |  313.0 |
        Bailey |   1099 |   1099 |      0 |    604 |    309 |   1 | 1099.0 |
               +--------+--------+--------+--------+--------+-----+--------+

Top non-repeatable levels by time:
     D:6: 2507 daAuts
     D:3: 2181 daAuts
     D:8: 2131 daAuts
    D:11: 1794 daAuts
    D:10: 1782 daAuts
     D:7: 1718 daAuts
     D:9: 1691 daAuts
     D:1: 1416 daAuts
     D:4: 1415 daAuts
  Bailey: 1099 daAuts
     D:2: 1081 daAuts
     D:5: 932 daAuts
   Sewer: 313 daAuts
  Temple: 183 daAuts
    D:12: 64 daAuts
